 Dungeon Crawl Stone Soup version 0.22-a0-422-g9628fc8 (webtiles) character file.

450 Ijustatesigmund the Ruffian (level 6, -2/63 HPs)
             Began as a Troll Fighter on May 17, 2018.
             Killed from afar by Tiareth's ghost (9 damage)
             ... with a magic dart
             ... on level 5 of the Dungeon.
             The game lasted 00:06:11 (3504 turns).

Ijustatesigmund the Ruffian (Troll Fighter)         Turns: 3504, Time: 00:06:12

Health: -2/63      AC:  5    Str: 28    XL:     6   Next: 74%
Magic:  5/5        EV:  8    Int:  4    God:
Gold:   235        SH:  9    Dex: 13    Spells: 5/5 levels left

rFire    . . .     SeeInvis +     - Unarmed
rCold    + . .     Gourm    +   b - +0 shield
rNeg     . . .     Faith    .   a - +0 robe
rPois    .         Spirit   .   (helmet restricted)
rElec    .         Reflect  .   (no cloak)
rCorr    .         Harm     .   (gloves unavailable)
MR       .....                  (boots unavailable)
Stlth    +.........             (no amulet)
HPRegen  0.60/turn              k - ring of protection from cold
MPRegen  0.09/turn              f - ring of see invisible

@: mighty
A: large, unfitting armour, claws 3, agile 1, fast metabolism 3, gourmand,
mutation resistance 1, regeneration 1, shaggy fur 1, tough skin 2, weak 1
a: no special abilities


You were on level 5 of the Dungeon.
You were full.

You visited 1 branch of the dungeon, and saw 5 of its levels.

You collected 235 gold pieces.

Inventory:

Armour
 a - a +0 robe (worn)
 b - a +0 shield (worn)
Jewellery
 f - a ring of see invisible (right claw)
 h - an uncursed ring of flight
 k - a ring of protection from cold (left claw)
 m - an uncursed ring of protection from cold
Wands
 r - a wand of disintegration (9)
 t - a wand of polymorph (10)
Scrolls
 g - 3 scrolls of enchant weapon
 l - 2 scrolls of remove curse
 n - 3 scrolls of identify
 o - a scroll of magic mapping
 q - 4 scrolls of teleportation
Potions
 e - 2 potions of curing
 i - a potion of haste {unknown}
Comestibles
 d - 9 rations


   Skills:
 + Level 4.5 Fighting
 - Level 2.4 Dodging
 - Level 2.4 Shields
 - Level 5.6 Unarmed Combat


You had 5 spell levels left.
You didn't know any spells.
Your spell library was empty.

Dungeon Overview and Level Annotations

Branches:
Dungeon (5/15)             Temple (0/1) D:5

Altars:
Gozag
Hepliaklqana
The Shining One

Annotations:
D:5 Tiareth's ghost, novice TrWz


Innate Abilities, Weirdness & Mutations

You are too large for most types of armour.
You have claws for hands.
Your metabolism is lightning-fast.
You like to eat raw meat.
Your natural rate of healing is unusually fast.
You are covered in fur. (AC +1)
You have very tough skin. (AC +2)
You are agile. (Dex +2)
You are somewhat resistant to further mutation.
You are weak. (Str -2)


Message History

You are too injured to fight recklessly!
You are too injured to fight recklessly!
You are too injured to fight recklessly!
You are too injured to fight recklessly!
You are too injured to fight recklessly!
Unknown command.
You feel very mighty all of a sudden. The hound closely misses you.
You block Tiareth's ghost's attack. The hound bites you.
* * * LOW HITPOINT WARNING * * *
You claw Tiareth's ghost!
Tiareth's ghost is heavily damaged.
Tiareth's ghost points at you and mumbles some strange words.
The magic dart hits you!
* * * LOW HITPOINT WARNING * * *
The hound bites you.
* * * LOW HITPOINT WARNING * * *
Tiareth's ghost casts a spell at you. The magic dart hits you!
You die...

,,*,,,,*************+***,,,,*,,,,
,,*,,,,,,,,,,,,,,,,,,,,*,,,,*,,,,
,,+,,,,,,,,,,,#####**********,,,,
,,*,,,,,,,,,,,#...#,,,*,,,*,,,,,,
***,,,,,,,,,,,*.⌠.*,⌠,#,⌠,*,,,,,,
,,,,,**********?..*,,.#,,,*,,****
,,,,,*,,,,,,,,##.##*.##*,**,,+,,,
****,*,,,,,,,,#..o#...#.,,*,,*,,,
≈∩≈*,*,,,,,,,,#.@h..>...⌠,*,,*,,,
++**,**,***,,*#.W.#...#.,,*,,*,,*
≈≈*,,,*,***,,*#####*,##*,**,,*,,*
≈≈**,,,,,*,,,**,,,*,,,*,,,*,,*,,,
≈≈≈*,,,,,+,,,**,⌠,,,⌠,*,⌠,*,,*,,,
≈≈≈*,,,,,*,,,**,,,*,,,*,,,*,,*,,,
≈≈**,,,,,*,,,***,**********,,*,,,
≈≈*,,******+**,,,,*,,*,,,,,,,*,,,
**+,,***,,,,,,,,,,*,,*,,,,,,,*,,,


You could see a hound, Tiareth's ghost and an orc.

Vanquished Creatures
  A bullfrog (D:2)
  2 orc priests
  3 orc wizards
  A worker ant (D:4)
  A hound skeleton (D:4)
  8 adders
  4 gnolls (D:2)
  5 dart slugs
  A worm (D:2)
  A leopard gecko (D:2)
  5 orcs
  5 giant cockroaches
  13 goblins
  8 hobgoblins
  8 jackals
  3 kobolds
  A quokka (D:3)
  5 bats
  6 frilled lizards
  7 rats
88 creatures vanquished.

Notes
Turn   | Place    | Note
-------+----------+-------------------------------------------
     0 | D:1      | Ijustatesigmund the Troll Fighter began the quest for the Orb.
     0 | D:1      | Reached XP level 1. HP: 22/22 MP: 0/0
   180 | D:1      | Reached XP level 2. HP: 28/29 MP: 1/1
   218 | D:1      | Reached skill level 3 in Unarmed Combat
   358 | D:1      | Reached XP level 3. HP: 36/36 MP: 2/2
   714 | D:2      | Found an opulent altar of Gozag.
   718 | D:2      | Noticed a bullfrog
   729 | D:2      | Killed a bullfrog
   729 | D:2      | Reached skill level 4 in Unarmed Combat
   729 | D:2      | Reached XP level 4. HP: 27/44 MP: 3/3
   938 | D:2      | Reached skill level 5 in Unarmed Combat
  1062 | D:2      | Reached XP level 5. HP: 33/50 MP: 4/4
  1524 | D:2      | Found a glowing golden altar of the Shining One.
  1524 | D:2      | Found a hazy altar of Hepliaklqana.
  2333 | D:3      | Reached XP level 6. HP: 33/61 MP: 5/5
  3242 | D:4      | Gained mutation: You are resistant to hostile enchantments. (MR+) [potion of mutation]
  3242 | D:4      | Gained mutation: Your body sometimes deteriorates upon taking damage. [potion of mutation]
  3242 | D:4      | Gained mutation: You expend magic power (3 MP) to strengthen your wands. [potion of mutation]
  3243 | D:4      | Lost mutation: Your body sometimes deteriorates upon taking damage. [potion of mutation]
  3243 | D:4      | Lost mutation: You are resistant to hostile enchantments. (MR+) [potion of mutation]
  3243 | D:4      | Lost mutation: You expend magic power (3 MP) to strengthen your wands. [potion of mutation]
  3243 | D:4      | Gained mutation: You are agile. (Dex +2) [potion of mutation]
  3243 | D:4      | Gained mutation: You are weak. (Str -2) [potion of mutation]
  3243 | D:4      | Gained mutation: You are somewhat resistant to further mutation. [potion of mutation]
  3472 | D:5      | Entered Level 5 of the Dungeon
  3496 | D:5      | Found a staircase to the Ecumenical Temple.
  3496 | D:5      | Noticed Tiareth's ghost (novice TrWz)
  3504 | D:5      | Killed from afar by Tiareth's ghost

Vault maps used:
D:1:      kilobyte_arrival_exit_the_forest
D:2:      overflow_temple_1_default, gammafunk_temple_overflow_pools,
          first_ration
D:3:      kennysheep_the_goblin_king
D:5:      vehumet_crystals, minmay_temple_entry_nine_rooms,
          gup_sewer_entry_bowl, basic_altar

Skill      XL: |  1  2  3  4  5  6 |
---------------+-------------------+-----
Unarmed Combat | 3 4 5 |  5.6
Fighting       | 3 4 |  4.5
Dodging        | |  2.4
Shields        | |  2.4

Action                   |  1- 3 |  4- 6 || total
-------------------------+-------+-------++-------
Melee: Unarmed           |    75 |   165 ||   240
  Use: Scroll            |     3 |     7 ||    10
       Potion            |       |     3 ||     3
 Stab: Sleeping          |     1 |    10 ||    11
  Eat: Chunk             |    11 |    23 ||    34
Armor: Robe              |    31 |    31 ||    62
Dodge: Dodged            |    35 |    48 ||    83
Block: Shield            |    40 |    55 ||    95

Table legend:
 A = Spawn XP
 B = Non-spawn XP
 C = Spawn XP percentage of total XP
 D = Spawn monster count
 E = Non-spawn monster count
 F = Spawn count percentage of total count
 G = Total turns spent on level
                    A         B        C        D         E        F      G
               +---------+---------+-------+---------+---------+-------+---------
         Total |       0 |     644 |   0.0 |       0 |      88 |   0.0 |  3504
               +---------+---------+-------+---------+---------+-------+---------
           D:1 |       0 |      52 |   0.0 |       0 |      27 |   0.0 |   704
           D:2 |       0 |     203 |   0.0 |       0 |      21 |   0.0 |   948
           D:3 |       0 |     169 |   0.0 |       0 |      29 |   0.0 |  1309
           D:4 |       0 |     207 |   0.0 |       0 |      10 |   0.0 |   511
           D:5 |       0 |      13 |   0.0 |       0 |       1 |   0.0 |    32
               +---------+---------+-------+---------+---------+-------+---------
